 Dungeon Crawl Stone Soup version 0.29.0-10-g45618ea6d2 (webtiles) character file.

Game seed: 15317899583601304347

43 Flugkiller the Trooper (level 3, 0/29 (33) HPs)
             Began as a Minotaur Fighter on Sept 1, 2022.
             Killed by nerve-wracking pain
             ... invoked by a shadow imp
             ... summoned by Natasha
              (10 damage)
             ... on level 3 of the Dungeon.
             The game lasted 00:00:40 (1304 turns).

Flugkiller the Trooper (Minotaur Fighter)           Turns: 1304, Time: 00:00:41

HP:   0/29 (33)     AC: 11    Str: 20    XL:     3   Next: 37%
MP:   2/2           EV:  9    Int:  5    God:
Gold: 101           SH:  4    Dex: 11    Spells: 2/2 levels left

rFire   . . .      SeeInvis .   a - +0 war axe
rCold   . . .      Faith    .   c - +0 buckler
rNeg    . . .      Spirit   .   j - +0 plate armour
rPois   .          Reflect  .   (helmet restricted)
rElec   .          Harm     .   (no cloak)
rCorr   .          Rampage  .   (no gloves)
Will    .....                   (no boots)
Stlth   ..........              (no amulet)
HPRegen 0.09/turn               v - +4 ring of evasion
MPRegen 0.08/turn               (no ring)

@: mighty, heavily drained
A: horns 2, retaliatory headbutt
a: no special abilities


You were on level 3 of the Dungeon.
You visited 1 branch of the dungeon, and saw 3 of its levels.

You collected 101 gold pieces.

Inventory:

Hand Weapons
 a - a +0 war axe (weapon)
Armour
 b - a +0 scale mail
 c - a +0 buckler (worn)
 j - a +0 plate armour (worn)
   (You found it on level 1 of the Dungeon)
Jewellery
 n - a ring of positive energy
   (You found it on level 2 of the Dungeon)
 v - a +4 ring of evasion (left hand)
   (You found it on level 2 of the Dungeon)
Scrolls
 f - a scroll of blinking {unknown}
 g - 2 scrolls of identify {unknown}
 h - 2 scrolls of fear {unknown}
 i - a scroll of poison {unknown}
Potions
 e - a potion of haste {unknown}
 k - a potion of brilliance {unknown}
 l - a potion of flight {unknown}
 m - a potion of attraction {unknown}


   Skills:
 + Level 4.1 Fighting
 * Level 3.7 Axes
 + Level 4.1 Armour
 - Level 3.6 Shields


You had 2 spell levels left.
You didn't know any spells.
Your spell library was empty.

Dungeon Overview and Level Annotations

Branches:
Dungeon (3/15)

Altars:

Shops:
D:1 (

Portals:
Sewer: D:3

Annotations:
D:3 Natasha


Innate Abilities, Weirdness & Mutations

You have a pair of horns on your head.
You reflexively headbutt those who attack you in melee.


Message History

You now have 85 gold pieces (gained 9).
Things that are here:
a +0 club; a kobold corpse
Found an escape hatch in the ceiling.
You now have 101 gold pieces (gained 16).
You hear the slow rusting of a drain nearby. 2 jackals come into view.
The jackal barks! x2; You hear an angry hiss.
The jackal moves out of view.
A jackal is nearby!
A jackal is nearby!
The jackal bites you but does no damage.
You miss the jackal. Your headbutt misses the jackal. The jackal bites you.
You hit the jackal but do no damage.
The jackal bites you but does no damage.
The jackal bites you.
You hit the jackal but do no damage. Your headbutt misses the jackal.
Natasha, Servant of Life and Death comes into view.
The jackal bites you but does no damage.
You barely miss the jackal.
Natasha hisses angrily.
You headbutt the jackal.
The jackal is almost dead.
You hear an angry hiss.
The jackal bites you but does no damage. x2
You slash the jackal!
You kill the jackal!
The jackal bites you.
You hit the jackal but do no damage. You block the jackal's attack.
The jackal barely misses you. You furiously retaliate!
You headbutt the jackal!
You kill the jackal!
No target in view!
No target in view!
No target in view!
Found a glowing drain. 2 ball pythons come into view.
Found a stone staircase leading down.
The ball python hisses angrily. x2; You hear a shout!
A kobold comes into view. It is wielding a +1 whip of flaming.
The kobold shouts!
A quokka comes into view.
The ball python attacks as you move away!
The ball python barely misses you. You block the ball python's attack.
You enter the shallow water.
Moving in this stuff is going to be slow.
Found 14 gold pieces.
Natasha mumbles some strange words.
Natasha shimmers violently.
Natasha casts a spell.
A bat comes into view.
The ball python barely misses you. You block the ball python's attack.
The ball python bites you but does no damage.
The ball python closely misses you. You block the ball python's attack.
The ball python barely misses you. x2; You block the ball python's attack.
The ball python closely misses you. You furiously retaliate!
You headbutt the ball python!
You kill the ball python!
You block the ball python's attack. The ball python barely misses you.
The ball python attacks as you move away!
The ball python barely misses you. The ball python closely misses you.
You can't go down here!
Found a stone staircase leading down.
The bat hits you but does no damage.
The shadow imp lashes its tail.
Natasha hisses.
There is a glowing drain here.
The ball python bites you but does no damage.
The ball python grabs you.
You stop descending the stairs.
The ball python constricts you. The bat hits you but does no damage.
You hit the ball python.
The ball python is severely wounded.
You closely miss Natasha. You miss the bat.
The bat hits you but does no damage. The ball python bites you.
The ball python constricts you. Natasha claws you.
The ball python bites you but does no damage.
The ball python constricts you.
Natasha casts a spell.
You barely miss the ball python. You headbutt the ball python.
You kill the ball python!
You closely miss Natasha. The bat barely misses you. The bat hits you.
Natasha casts a spell at you. The magic dart hits you.
The shadow imp hits you but does no damage.
You hit Natasha. Your headbutt misses Natasha.
Natasha is moderately wounded.
You hit the shadow imp. You hit the kobold but do no damage.
The bat hits you but does no damage. Natasha claws you but does no damage.
The shadow imp hits you but does no damage.
The kobold hits you with a +1 whip of flaming.
The kobold burns you.
You are too injured to fight recklessly!
You are too injured to fight recklessly!
You are too injured to fight recklessly!
You are too injured to fight recklessly!
You feel very mighty all of a sudden. The bat hits you but does no damage.
The bat misses you. Natasha misses you. The crimson imp closely misses you.
You furiously retaliate!
You headbutt the crimson imp! The shadow imp gestures at you.
Pain shoots through your body!
You die...

...#####.#### #.##
#.<#######.#
#.#####.##.......#####
.....##.##...........
####.##.#†#.##~~.~≈# #
####.##..##.##~~.~~##.#
........###.~~.....~≈.#
####:###.##.~†.h5..~~.##
####.# #......r5@..~≈...
.....# #.#..~~.K.b.~~.##
###### #.##.~~.~...~~..#
# ...#.##~~~~≈##..> #
#...#.##~~~~~# .#
#...#.......... . #
#...#......##$.. # ...
...>##.. ... . ..#. ...


You could see Natasha, a crimson imp (summoned), a shadow imp (summoned), a
quokka, a bat and a kobold.

Vanquished Creatures
  2 worms (D:2)
  A dart slug (D:3)
  5 ball pythons
  3 bats (D:2)
  2 endoplasms (D:2)
  3 giant cockroaches (D:1)
  2 hobgoblins (D:1)
  2 jackals (D:3)
  2 frilled lizards
  5 goblins
  3 kobolds
  2 rats (D:1)
32 creatures vanquished.

Notes
Turn   | Place    | Note
-------+----------+-------------------------------------------
     0 | D:1      | Flugkiller the Minotaur Fighter began the quest for the
                  | Orb.
     0 | D:1      | Reached XP level 1. HP: 19/19 MP: 0/0
    16 | D:1      | Found Ucerropo's Weapon Shoppe.
   203 | D:1      | Found a faded altar of an unknown god.
   396 | D:1      | Reached XP level 2. HP: 27/27 MP: 1/1
   908 | D:2      | Reached XP level 3. HP: 23/33 MP: 2/2
  1286 | D:3      | Noticed Natasha
  1292 | D:3      | Found a glowing drain.
  1304 | D:3      | Killed from afar by a shadow imp

Illustrated notes

Levels and vault maps discovered:
D:1:      scummos_arrival_hexagon, layout_basic, basic_ecumenical_altar,
          serial_shops, nicolae_shop_temple_entry_statues_fountains
D:2:      layout_rooms, minmay_misc_feat_roman
D:3:      layout_loops_cross, cheibrodos_sewer_entry_sluice, minmay_cut_off,
          uniq_natasha

Skill      XL: |  1  2 |
---------------+-------+-----
Axes           | 3 |  3.7
Fighting       | 4 |  4.1
Armour         | 4 |  4.1
Shields        | |  3.6

Action                   || total
-------------------------++-------
Melee: War axe           ||    73
       Headbutt          ||    14
  Use: Potion            ||     1
Armor: Plate armour      ||    45
       Scale mail        ||     5
Dodge: Dodged            ||    39
Block: Buckler           ||    16
